 Dungeon Crawl Stone Soup version 0.31-a0-507-gbafd7f5274 (webtiles) character file.

Game seed: 13874650688916273682

2788 pokeman the Thaumaturge (level 9, -13/52 HPs)
             Began as a Deep Elf Hedge Wizard on Aug 10, 2023.
             Was a Follower of Vehumet.
             Mangled by a two-headed ogre
             ... wielding a +0 giant club
              (19 damage)
             ... on level 8 of the Dungeon.
             The game lasted 00:12:42 (6089 turns).

pokeman the Thaumaturge (Deep Elf Hedge Wizard)     Turns: 6089, Time: 00:12:42

Health: -13/52     AC:  3    Str:  7    XL:     9   Next: 43%
Magic:  14/27      EV: 13    Int: 29    God:    Vehumet [*.....]
Gold:   324        SH:  0    Dex: 12    Spells: 24/32 levels left

rFire   . . .        m - +10 morningstar of Ancient Evil {heavy, rPois rC+ Int+5 Dex-2}
rCold   + + .        (no shield)
rNeg    . . .        b - +0 robe
rPois   +            c - +0 hat
rElec   .            (no cloak)
rCorr   .            (no gloves)
SInv    .            u - +0 pair of boots
Will    .....        (no amulet)
Stlth   +++          n - ring of protection from cold
HPRegen 0.28/turn    i - ring of flight
MPRegen 0.20/turn

%: no passive effects
@: flying
A: no striking features
a: Renounce Religion


You were on level 8 of the Dungeon.
You worshipped Vehumet.
Vehumet was aware of your devotion.
You visited 2 branches of the dungeon, and saw 9 of its levels.

You collected 468 gold pieces.
You spent 144 gold pieces at shops.

Inventory:

Hand Weapons
 m - the +10 morningstar of Ancient Evil (weapon) {heavy, rPois rC+ Int+5 Dex-2}
   (You bought it in a shop on level 3 of the Dungeon)

   Int+5:     It affects your intelligence (+5).
   Dex-2:     It affects your dexterity (-2).
   rC+:       It protects you from cold.
   rPois:     It protects you from poison
 w - the +7 long sword "Qino" {drain, rPois MP+9 Int-3}
   (You found it on level 6 of the Dungeon)

   Int-3:     It affects your intelligence (-3).
   rPois:     It protects you from poison MP+9: It affects your magic capacity
   (+9).
Missiles
 v - a curare-tipped dart
Armour
 b - a +0 robe (worn)
 c - a +0 hat (worn)
 u - a +0 pair of boots (worn)
Magical Staves
 B - a staff of cold
Jewellery
 i - a ring of flight (right hand)
 n - a ring of protection from cold (left hand)
 r - an amulet of guardian spirit
Wands
 l - a wand of flame (17)
 s - a wand of iceblast (14)
 x - a wand of paralysis (4)
 y - a wand of quicksilver (7)
Scrolls
 a - 2 scrolls of enchant armour {unknown}
 g - 6 scrolls of teleportation {unknown}
 j - 6 scrolls of identify {unknown}
 k - a scroll of poison {unknown}
 q - 2 scrolls of vulnerability {unknown}
 t - a scroll of fear {unknown}
 A - 3 scrolls of brand weapon {unknown}
Potions
 d - a potion of magic
 e - 6 potions of curing {unknown}
 f - a potion of heal wounds {unknown}
 h - 4 potions of enlightenment {unknown}
 o - a potion of mutation {unknown}
 p - 2 potions of lignification {unknown}
 z - a potion of might {unknown}


   Skills:
 + Level 3.9 Fighting
 - Level 1.0 Armour
 - Level 4.2 Dodging
 - Level 5.0 Stealth
 * Level 12.2 Spellcasting
 + Level 6.8 Conjurations
 - Level 1.1 Summonings
 - Level 1.1 Translocations
 + Level 0.3 Ice Magic
 - Level 1.2 Air Magic
 - Level 1.0 Poison Magic
 - Level 1.0 Evocations


You had 24 spell levels left.
You knew the following spells:

 Your Spells              Type           Power      Damage    Failure   Level
a - Magic Dart            Conj           100%       1d8       1%          1
b - Mephitic Cloud        Conj/Pois/Air  35%        N/A       2%          3
c - Call Imp              Summ           48%        N/A       3%          2
d - Blink                 Tloc           48%        N/A       3%          2

Your spell library contained the following spells:

 Spells                   Type           Power      Damage    Failure   Level
 Kiss of Death            Conj/Necr      100%       2d13      1%          1
 Slow                     Hex            68%        N/A       3%          1
 Cigotuvi's Dreadful Rot  Necr/Pois/Air  44%        N/A       3%          2
 Ensorcelled Hibernation  Hex/Ice        36%        N/A       4%          2
 Confusing Touch          Hex            17%        N/A       9%          3
 Vampiric Draining        Necr           17%        2d7       9%          3
 Anguish                  Hex/Necr       8%         N/A       30%         4


Dungeon Overview and Level Annotations

Branches:
Dungeon (8/15)             Temple (1/1) D:5
   Lair: D:8-11

Altars:
Ashenzari
Cheibriados
Dithmenos
Elyvilon
Fedhas
Gozag
Hepliaklqana
Kikubaaqudgha
Makhleb
Nemelex Xobeh
Okawaru
Qazlal
Ru
Sif Muna
Trog
Uskayaw
Vehumet
Wu Jian
Xom
Yredelemnul
Zin
The Shining One

Shops:
D:1 [   D:3 (*(*(   D:5 [


Message History

Unknown command.
You catch the helpless wyvern completely off-guard!
You bludgeon the wyvern!!
The wyvern is severely wounded.
The wyvern is engulfed in noxious fumes.
The two-headed ogre is engulfed in noxious fumes. x2
The wyvern is engulfed in noxious fumes.
Unknown command.
Casting: Mephitic Cloud (dangerous; 2% risk of failure)
Confirm with . or Enter, or press ? or * to list all spells.
Aiming: Mephitic Cloud (dangerous; 2% risk of failure)
Press: ? - help, Shift-Dir - straight line, f - two-headed ogre, p - wyvern
Aim: a two-headed ogre, wielding a +0 giant club and a +0 giant spiked club (chance to affect: 53%)
The ball explodes into a vile cloud!
The stinking cloud engulfs the two-headed ogre but does no damage.
The two-headed ogre is engulfed in noxious fumes.
Casting: Mephitic Cloud (dangerous; 2% risk of failure)
Confirm with . or Enter, or press ? or * to list all spells.
You blink.
The wyvern bites the two-headed ogre!
Unknown command.
The two-headed ogre is engulfed in noxious fumes.
The two-headed ogre appears confused.
The two-headed ogre is engulfed in noxious fumes.
The two-headed ogre laughs crazily.
You strike the helpless two-headed ogre from behind!
You bludgeon the two-headed ogre!!
The two-headed ogre is heavily wounded.
You feel stable enough to blink again.
The two-headed ogre completely misses you.
The two-headed ogre hits you with a +0 giant spiked club!!
Unknown command.
You catch the helpless two-headed ogre completely off-guard!
You hit the two-headed ogre.
The two-headed ogre is severely wounded.
The two-headed ogre seems less confused.
The two-headed ogre closely misses you. x2
The two-headed ogre hits you with a +0 giant club!
* * * LOW HITPOINT WARNING * * *
The two-headed ogre hits you with a +0 giant spiked club!!
You die...

##..........#.#####
#...........#.##...
#...........#......
#.......?#######...
#############.# #...
..............+ #...
..............#. ..##.
###.######....#.......##.
#.
.........l.@.............
..
........##O...#......###.
.. ##......##....###....#
#......##....# #....#
#....?......... ...!#
#####...............#
#............
######.......


You could see a two-headed ogre and a wyvern (confused).

Vanquished Creatures
  Pikel (D:4)
  A hornet (D:7)
  A steam dragon (D:7)
  A water moccasin (D:6)
  An ice beast (D:6)
  A black bear (D:5)
  An orc warrior (D:5)
  2 sky beasts
  2 ogres
  A phantom (D:4)
  A centaur (D:8)
  4 lemures (D:4)
  A kobold brigand (D:6)
  A scorpion (D:5)
  4 wights (D:6)
  4 killer bees (D:7)
  A hound (D:6)
  5 jellies
  An orc priest (Temple)
  2 sleepcaps
  2 iguanas (D:5)
  An orc wizard (D:5)
  Terence (D:3)
  7 adders
  A shadow imp (D:6)
  A white imp (D:6)
  3 ufetubi
  A worm (D:2)
  2 dart slugs
  4 orcs
  6 bats
  3 endoplasms
  A goblin (D:1)
  A hobgoblin (D:3)
  2 jackals (D:3)
  6 kobolds
  A quokka (D:2)
  6 ball pythons
  2 frilled lizards
  5 rats
92 creatures vanquished.

Vanquished Creatures (collateral kills)
  A bullfrog (D:6)
  A killer bee (D:7)
  A jackal (D:3)
  A kobold (D:6)
4 creatures vanquished.

Grand Total: 96 creatures vanquished

Notes
Turn   | Place    | Note
-------+----------+-------------------------------------------
     0 | D:1      | pokeman the Deep Elf Hedge Wizard began the quest for the
                  | Orb.
     0 | D:1      | Reached XP level 1. HP: 10/10 MP: 7/7
   351 | D:1      | Found Meho's Armour Shoppe.
   407 | D:1      | Found a faded altar of an unknown god.
   438 | D:1      | Reached XP level 2. HP: 15/15 MP: 6/9
  1260 | D:2      | Reached skill level 5 in Spellcasting
  1533 | D:3      | Found Zin's Purification Station.
  1538 | D:3      | Reached XP level 3. HP: 20/20 MP: 6/11
  1542 | D:3      | Learned a level 3 spell: Mephitic Cloud
  1545 | D:3      | Learned a level 2 spell: Call Imp
  1548 | D:3      | Learned a level 2 spell: Blink
  1648 | D:3      | Found a glowing silver altar of Zin.
  1687 | D:3      | Found Pairac's General Store.
  1867 | D:3      | Found Koinopseuco's Weapon Shoppe.
  1897 | D:3      | Found Kestratuvvi's Weapon Boutique.
  1950 | D:3      | Noticed Terence
  1996 | D:3      | Killed Terence
  1997 | D:3      | Reached skill level 1 in Fighting
  1997 | D:3      | Reached skill level 1 in Armour
  2308 | D:3      | Reached XP level 4. HP: 25/25 MP: 5/13
  2385 | D:3      | Found Kuasac's Antique Weapon Shoppe.
  2873 | D:4      | Noticed a lemure
  2873 | D:4      | Noticed a lemure
  2890 | D:4      | Noticed a lemure
  2892 | D:4      | Killed a lemure
  2893 | D:4      | Noticed Pikel
  2893 | D:4      | Noticed a lemure
  3026 | D:3      | Bought a crystal morningstar for 144 gold pieces
  3026 | D:3      | Identified the +10 morningstar of Ancient Evil {heavy,
                  | rPois rC+ Int+5 Dex-2} (You bought it in a shop on level 3
                  | of the Dungeon)
  3194 | D:4      | Found an iron altar of Okawaru.
  3246 | D:4      | Killed a lemure
  3251 | D:4      | Killed a lemure
  3349 | D:4      | Found a burning altar of Makhleb.
  3350 | D:4      | Killed a lemure
  3395 | D:4      | Killed Pikel
  3396 | D:4      | Reached skill level 7 in Spellcasting
  3396 | D:4      | Reached XP level 5. HP: 27/29 MP: 4/17
  3396 | D:4      | Reached XP level 6. HP: 32/34 MP: 4/18
  3396 | D:4      | Reached XP level 7. HP: 36/38 MP: 4/20
  3645 | D:5      | Entered Level 5 of the Dungeon
  3686 | D:5      | Reached skill level 8 in Spellcasting
  3838 | D:4      | Reached skill level 5 in Stealth
  3838 | D:4      | Reached skill level 1 in Air Magic
  3928 | D:5      | Reached skill level 1 in Poison Magic
  3928 | D:5      | Reached skill level 1 in Evocations
  4049 | D:5      | Found a staircase to the Ecumenical Temple.
  4060 | Temple   | Entered the Ecumenical Temple
  4075 | Temple   | Became a worshipper of Vehumet
  4116 | D:5      | Reached XP level 8. HP: 43/43 MP: 10/22
  4123 | D:5      | Reached skill level 9 in Spellcasting
  4134 | D:5      | HP: 2/43 [adder (4)]
  4313 | D:5      | Reached skill level 5 in Conjurations
  4456 | D:5      | Found Mevounerph's Antique Armour Shoppe.
  4845 | D:6      | Reached skill level 10 in Spellcasting
  4987 | D:6      | Identified the +7 long sword "Qino" {drain, rPois MP+9
                  | Int-3}
  5192 | D:6      | Reached skill level 11 in Spellcasting
  5464 | D:6      | Reached XP level 9. HP: 49/50 MP: 20/26
  5694 | D:7      | Reached * piety under Vehumet
  5694 | D:7      | Offered knowledge of Kiss of Death by Vehumet.
  5699 | D:7      | Reached skill level 12 in Spellcasting
  5844 | D:7      | Found a sacrificial altar of Ru.
  6071 | D:8      | Noticed a two-headed ogre
  6089 | D:8      | Mangled by a two-headed ogre

Illustrated notes

Levels and vault maps discovered:
D:1:      heliophobic_arrival_dark_side_of_the_moon, layout_basic, serial_shops,
          shop_statue, basic_ecumenical_altar
D:2:      layout_rooms
D:3:      layout_rooms, zin_purify, serial_co_window_serial, co_window_paths_a,
          co_window_paths_b, co_window_of_opportunity_a, co_window_paths_a,
          co_window_of_opportunity_a, co_window_unsneaky_path_c,
          co_window_broadway_c, co_window_unsneaky_path_d, co_window_2corner,
          co_window_corner_b, co_window_paths_c, co_window_corner_ca,
          co_window_4corner_b, glass_columns_a, glass_columns_c,
          glass_columns_a, serial_shops, shop, nicolae_shop_tiny_waterfront,
          shop_statue, nicolae_shop_hallway_plus, uniq_terence
D:4:      layout_gridville, chequers_temple_overflow_statue_of_worship,
          uniq_pikel
D:5:      layout_rooms, minmay_temple_entry_tees, serial_shops, shop_statue
D:6:      layout_basic
D:7:      layout_basic, old_standard_altar
D:8:      minmay_the_grid_triangle_9x9_rhombus_thin
          [minmay_the_grid_triangle_9x9_semitri,
          minmay_the_grid_triangle_9x9_prize_insulated,
          minmay_the_grid_triangle_9x9_dagger,
          minmay_the_grid_triangle_9x9_steps], layout_basic,
          chequers_ossuary_entry_cave, ebering_ghost_xom, uniq_erica
Temple:   regret_index_temple_chain_breaker

Skill      XL: |  1  2  3  4  5  6  7  8  9 |
---------------+----------------------------+-----
Spellcasting   | 5 7 8 11 12 | 12.2
Fighting       | 1 3 |  3.9
Armour         | 1 |  1.0
Conjurations   | 2 3 4 6 |  6.8
Dodging        | 4 |  4.2
Stealth        | 4 5 |  5.0
Air Magic      | 1 |  1.2
Poison Magic   | 1 |  1.0
Evocations     | 1 |  1.0
Summonings     | |  1.1
Translocations | |  1.1
Ice Magic      | |  0.3

Action                     |  1- 3 |  4- 6 |  7- 9 || total
---------------------------+-------+-------+-------++-------
  Melee: Dagger            |    22 |     5 |       ||    27
         Morningstar       |       |    13 |    54 ||    67
   Cast: Magic Dart        |    87 |    21 |   105 ||   213
         Call Imp          |     2 |     1 |     7 ||    10
         Blink             |     2 |       |     3 ||     5
         Mephitic Cloud    |     1 |     7 |    22 ||    30
   Stab: Confused          |       |     3 |    11 ||    14
 Armour: Robe              |     4 |     4 |     8 ||    16
  Dodge: Dodged            |    26 |    12 |    96 ||   134

Table legend: (Time is in decaauts)
 A = Elapsed time spent in this place.
 B = Non-inter-level travel time spent in this place.
 C = Inter-level travel time spent in this place.
 D = Time resting spent in this place.
 E = Time spent auto-exploring this place.
 F = Levels seen in this place.
 G = Mean time per level.
                   A        B        C        D        E       F      G
               +--------+--------+--------+--------+--------+-----+--------+
         Total |   6174 |   5720 |    454 |    279 |   4428 |   9 |  686.0 |
       Dungeon |   5976 |   5550 |    426 |    133 |   4428 |   8 |  747.0 |
        Temple |    198 |    170 |     28 |    146 |      0 |   1 |  198.0 |
               +--------+--------+--------+--------+--------+-----+--------+

Top non-repeatable levels by time:
     D:3: 1439 daAuts
     D:6: 997 daAuts
     D:1: 845 daAuts
     D:4: 832 daAuts
     D:2: 724 daAuts
     D:5: 709 daAuts
     D:7: 298 daAuts
  Temple: 198 daAuts
     D:8: 129 daAuts
